 Dungeon Crawl Stone Soup version 0.22-a0-803-gd6d8abeff0 (webtiles) character file.

93541 Htamos the Severer (level 16, -5/220 HPs)
             Began as a Hill Orc Fighter on July 22, 2018.
             Was an Elder of Beogh.
             Hit by a javelin thrown by a merfolk javelineer (19 damage)
             ... on level 4 of the Shoals.
             The game lasted 01:47:09 (29581 turns).

Htamos the Severer (Hill Orc Fighter)              Turns: 29581, Time: 01:47:10

Health: -5/220     AC: 28    Str: 17    XL:     16   Next: 9%
Magic:  1/23       EV:  2    Int: 12    God:    Beogh [****..]
Gold:   413        SH:  0    Dex: 19    Spells: 15/15 levels left

rFire    . . .     SeeInvis +   l - +1 trident (venom)
rCold    . . .     Gourm    .   (no shield)
rNeg     + + +     Faith    .   (armour currently unavailable)
rPois    +         Spirit   .   (helmet currently unavailable)
rElec    +         Reflect  .   (cloak currently unavailable)
rCorr    .         Harm     .   (gloves currently unavailable)
MR       +....     NoTele   +   (boots currently unavailable)
Stlth    +++.......             G - amulet of regeneration
HPRegen  0.86/turn              z - ring of poison resistance
MPRegen  0.18/turn              U - ring of Les Upab {rElec rPois Str-5 Int+4 SInv}

@: agile, tree-form, mesmerised, very slightly contaminated, studying Dodging,
invisible
A: mutation resistance 1, wild magic 1
a: Smiting, Recall Orcish Followers, Renounce Religion


You were on level 4 of the Shoals.
You worshipped Beogh.
Beogh was greatly pleased with you.
You were not hungry.
You were a tree.
You visited 3 branches of the dungeon, and saw 25 of its levels.
You visited the Abyss 1 time.
You also visited: Labyrinth and Sewer.

You collected 1921 gold pieces.
You spent 1508 gold pieces at shops.

Inventory:

Hand Weapons
 b - a +1 trident of freezing
 l - a +1 trident of venom (weapon)
 y - a +1 broad axe
 B - a +0 whip of flaming
 N - a +3 vampiric battleaxe
 S - a +2 dire flail of holy wrath
Armour
 c - the cursed +1 ring mail "Nitea" (melded) {Str+2 Dex+2}
   (You bought it in a shop on level 3 of the Shoals)

   It affects your strength (+2).
   It affects your dexterity (+2).
   It has a curse placed upon it.
 j - a +1 pair of gloves (melded)
 p - a +0 helmet (melded)
 t - a +0 pair of boots (melded)
 Y - a +1 plate armour of poison resistance
Magical Staves
 n - an uncursed staff of earth
Jewellery
 z - a ring of poison resistance (left branch)
 G - an amulet of regeneration (around neck)
 U - the ring of Les Upab (right branch) {rElec rPois Str-5 Int+4 SInv}
   (You found it on level 5 of the Lair of Beasts)

   [ring of intelligence]

   It affects your strength (-5).
   It affects your intelligence (+4).
   It insulates you from electricity.
   It protects you from poison.
   It lets you see invisible.
 Z - an uncursed ring of positive energy
Wands
 i - a wand of acid (5)
 o - a wand of random effects (22)
 v - a wand of polymorph (21)
 D - a wand of iceblast (24)
 E - a wand of paralysis (23)
 I - a wand of disintegration (21)
 J - a wand of enslavement (83)
 L - a wand of digging (35)
 M - a wand of flame (55)
Scrolls
 a - a scroll of blinking
 e - 12 scrolls of remove curse
 g - a scroll of holy word
 s - 7 scrolls of teleportation
 A - 2 scrolls of magic mapping
 F - 5 scrolls of amnesia
 K - a scroll of fear
 W - 3 scrolls of fog
Potions
 d - 3 potions of invisibility
 m - 2 potions of ambrosia {unknown}
 r - 8 potions of flight
 w - 2 potions of agility
 x - a potion of might
 H - a potion of haste {unknown}
 P - a potion of magic {unknown}
 Q - a potion of resistance {unknown}
 R - 2 potions of cancellation {unknown}
 T - a potion of heal wounds {unknown}
 V - a potion of mutation
 X - a potion of lignification
Books
 O - a manual of Dodging
Miscellaneous
 k - a lamp of fire
Comestibles
 f - 43 rations


   Skills:
 + Level 14.8 Fighting
 + Level 15.7 Axes
 + Level 14.8 Armour
 * Level 14.8 Dodging
   Level 3.2 Shields
 + Level 9.8 Invocations


You had 15 spell levels left.
You didn't know any spells.
Your spell library contained the following spells:

 Spells                   Type           Power        Failure   Level  Hunger
 Fireball                 Conj/Fire      #.........   100%        5    ######.
 Conjure Flame            Conj/Fire      #.......     77%         3    ####...
 Lightning Bolt           Conj/Air       #.........   100%        5    ######.
 Confuse                  Hex            #.......     77%         3    ####...
 Invisibility             Hex            #.......     100%        6    #######
 Throw Flame              Conj/Fire      #.....       54%         2    ###....
 Sticky Flame             Conj/Fire      #.......     98%         4    #####..
 Summon Demon             Summ           #.........   100%        5    ######.
 Stone Arrow              Conj/Erth      #.....       77%         3    ####...
 Shock                    Conj/Air       #...         41%         1    ##.....
 Swiftness                Chrm/Air       #.......     54%         2    ###....
 Recall                   Summ/Tloc      N/A          77%         3    ####...
 Dragon Form              Tmut           #.........   100%        7    #######
 Deflect Missiles         Chrm/Air       #.........   100%        6    #######
 Airstrike                Air            #.........   98%         4    #####..
 Shadow Creatures         Summ           N/A          100%        6    #######
 Confusing Touch          Hex            #.....       41%         1    ##.....
 Flame Tongue             Conj/Fire      #....        41%         1    ##.....
 Passwall                 Tmut/Erth      #.......     54%         2    ###....
 Metabolic Englaciation   Hex/Ice        #.........   100%        5    ######.
 Silence                  Hex/Air        #.........   100%        5    ######.
 Static Discharge         Conj/Air       #.......     77%         3    ####...
 Corona                   Hex            #......      41%         1    ##.....
 Lee's Rapid Deconstruct  Erth           #.........   100%        5    ######.
 Sandblast                Erth           #.....       41%         1    ##.....
 Conjure Ball Lightning   Conj/Air       #.........   100%        6    #######
 Petrify                  Tmut/Erth      #.......     98%         4    #####..
 Tornado                  Air            #.........   100%        9    #######
 Inner Flame              Hex/Fire       #.......     77%         3    ####...
 Aura of Abjuration       Summ           #.........   100%        5    ######.
 Beastly Appendage        Tmut           #.....       41%         1    ##.....
 Summon Forest            Summ/Tloc      #.........   100%        5    ######.
 Summon Lightning Spire   Summ/Air       #.......     98%         4    #####..
 Summon Guardian Golem    Hex/Summ       #.......     77%         3    ####...
 Summon Mana Viper        Hex/Summ       #.......     100%        5    ######.
 Gell's Gravitas          Tloc           #.........   77%         3    ####...
 Yara's Violent Unravell  Hex/Tmut       #.........   100%        5    ######.


Dungeon Overview and Level Annotations

Branches:
Dungeon (15/15)            Temple (0/1) D:6            Lair (6/6) D:8
 Shoals (4/4) Lair:4        Snake (0/4) Lair:2        Slime (0/5) Lair:6
    Orc (0/2) D:12         Vaults (0/5) D:14         Depths (0/5) D:15

Altars:
Ashenzari
Dithmenos
Hepliaklqana
Kikubaaqudgha
Okawaru
Qazlal
Ru
Wu Jian
Xom
Yredelemnul
Beogh

Shops:
D:4 [   D:5 ==   D:7 [   D:12 *   Shoals:3 **!(

Annotations:
D:2 1 runed door
D:13 2 runed doors, exclusion: door
Lair:6 1 runed door
Shoals:1 1 exclusion
Shoals:3 1 runed door
Shoals:4 Bai Suzhen


Innate Abilities, Weirdness & Mutations

((You are partially covered in large bone plates. (SH +4)))
((You are partially covered in yellow scales. (AC +2)))
You are somewhat resistant to further mutation.
Your spells are a little harder to cast, but a little more powerful.


Message History

A tomahawk appears from out of your range of vision.
The tomahawk hits your orc wizard!
Your orc wizard dies!
The satyr shoots an arrow.
The arrow closely misses Harm.
The arrow hits you but does no damage.
Your orc wizard barely misses the water nymph.
Zartorak roars a battlecry!
Your orc goes into a battle-frenzy!
The merfolk impaler hits the plant with a trident.
Harm hits the sea snake from afar with a halberd!!
The sea snake dies!
Beogh accepts your kill.
Okay, then.
It was a potion of agility.
You feel agile all of a sudden.
The water nymph flows with the water.
A merfolk comes into view. It is wielding a trident.
The merfolk javelineer throws a javelin.
The javelin hits you!!
You die...

.......<....)....≈≈≈≈
..........(........≈≈
#........).(.......≈≈
...≈...............≈.
..≈≈≈≈.....((......≈≈
#.P≈≈......(.......≈≈
#PP≈≈PP...≈.(......≈
PP.≈≈≈≈≈≈≈m≈oo...≈≈≈
≈≈#≈#≈≈o♣)(.)≈..≈
#P#≈)(o(†....D.
≈≈PP.()o.(m.d...
≈......E(.......
≈#.Pmc.......c.
#m............
#..PPm....PPP..
#m.P.P..#....P#


You could see Bai Suzhen, a merfolk impaler (wandering), a merfolk javelineer,
an eight-headed hydra (wandering), 2 satyrs, 2 merfolk, a water elemental, a
merfolk siren, a water nymph, the friendly Zartorak the orc warlord, the
friendly Harm the orc knight, 2 friendly orc wizards and a friendly orc.

Vanquished Creatures
  Polyphemus (Shoals:2)
  Nessos (D:15)
  A minotaur (Lab)
  3 hydras
  A catoblepas (Shoals:2)
  5 two-headed ogres
  4 death yaks
  A thrashing horror (Abyss:3)
  2 flayed ghosts
  2 unseen horrors
  A lindwurm (Lair:6)
  Pikel (D:6)
  A necromancer (D:15)
  3 fauns
  4 ugly things
  A slime creature (D:11)
  A cyclops (D:11)
  2 manticores
  A worldbinder (Abyss:3)
  2 elephants (Lair:6)
  A black mamba (Lair:4)
  A smoke demon (Abyss:3)
  6 spiny frogs
  3 torpor snails
  2 komodo dragons
  A rime drake (Lair:3)
  An ancient zyme (Abyss:3)
  5 merfolk
  2 tyrant leeches (Lair:6)
  A queen bee (D:9)
  3 polar bears (Lair:6)
  A blink frog (Lair:5)
  3 trolls
  4 raiju (Abyss:3)
  Prince Ribbit (D:5)
  2 hornets (Lair:6)
  Sigmund (D:3)
  A water elemental (Shoals:2)
  23 yaks
  2 wraiths (D:9)
  Eustachio (D:5)
  3 basilisks
  A wyvern (Lair:1)
  A hungry ghost (D:7)
  A large abomination (Abyss:3)
  A chaos spawn (Abyss:3)
  A naga (Lair:2)
  2 wargs
  Menkaure (D:4)
  3 water moccasins
  6 porcupines
  4 hell hounds (Lair:6)
  3 orc warriors
  5 sky beasts
  Purgy (D:4)
  5 ice beasts
  5 black bears
  A hornet zombie (D:9)
  2 necrophages
  A phantom (D:4)
  6 ogres
  3 wolves (Lair:6)
  2 centaurs
  The ghost of Holzbalken the Changer, an amateur OpTm of Ashenzari (D:3)
  4 crocodiles
  A wyvern zombie (D:11)
  17 bullfrogs
  7 scorpions
  4 small abominations (Abyss:3)
  13 killer bees (D:9)
  A water moccasin skeleton (D:4)
  5 wights
  4 howler monkeys
  2 electric eels (D:12)
  2 centaur zombies
  A bullfrog zombie (D:13)
  3 crimson imps
  2 quasits (D:3)
  6 human zombies
  5 hounds
  2 jellies
  5 orc wizards
  A centaur skeleton (D:9)
  2 orc priests
  3 iguanas
  Ijyb (D:4)
  Terence (D:3)
  A human skeleton (D:9)
  2 merfolk sirens
  11 worker ants
  2 merfolk avatars
  A mummy (D:9)
  A worker ant zombie (D:5)
  A howler monkey skeleton (D:8)
  7 adders
  A river rat (Sewer)
  2 shadow imps
  5 worms
  A dart slug (D:4)
  10 leopard geckos
  20 orcs
  A ball python (Sewer)
  3 bats
  9 giant cockroaches
  7 hobgoblins
  9 jackals
  7 kobolds
  A quokka (D:6)
  A ball python skeleton (D:4)
  12 frilled lizards
  12 goblins
  2 quokka skeletons
  29 rats
  A fungus (Lair:6)
  A tentacle (Shoals:1)
414 creatures vanquished.

Vanquished Creatures (collateral kills)
  Kirke (Shoals:1)
  A tengu reaver (D:15)
  Aizul (Shoals:3)
  3 merfolk javelineers
  A merfolk impaler (Shoals:2)
  2 yaktaur captains (D:15)
  An ogre mage (D:15)
  A vault guard (D:14)
  5 hydras
  3 centaur warriors
  8 two-headed ogres
  2 merfolk aquamancers
  An alligator snapping turtle (Shoals:2)
  5 death yaks
  7 skeletal warriors (D:15)
  5 sea snakes
  A spark wasp zombie (D:15)
  3 harpies (Shoals:2)
  2 orc knights (D:15)
  3 cyclopes
  8 manticores
  10 fauns
  19 ugly things
  A centaur zombie (D:15)
  6 black mambas
  2 water nymphs
  5 merfolk sirens
  2 elephants (Lair:6)
  4 spiny frogs
  3 torpor snails (Lair:6)
  4 gargoyles
  5 komodo dragons
  A rime drake (Lair:6)
  2 tyrant leeches (Lair:6)
  A wind drake (Shoals:1)
  2 tengu conjurers
  12 merfolk
  6 polar bears (Lair:6)
  A raiju (Lair:6)
  4 hornets (Lair:6)
  2 blink frogs (Lair:5)
  A deep troll zombie (D:15)
  8 dream sheep (Lair:6)
  6 hippogriffs
  5 slime creatures
  A fire dragon zombie (D:15)
  A meliai zombie (D:14)
  2 snapping turtles (Shoals:2)
  A deep troll skeleton (D:15)
  4 water elementals (Shoals:1)
  30 yaks
  A hungry ghost (D:13)
  2 wyverns
  3 vampire mosquitoes (D:15)
  6 wargs
  A soldier ant (D:13)
  A naga (Lair:2)
  An acid dragon (D:14)
  10 water moccasins
  10 hell hounds (Lair:6)
  A porcupine (Lair:2)
  5 orc warriors
  An ice beast (D:14)
  10 black bears (Lair:6)
  A phantom (D:12)
  10 wolves (Lair:6)
  3 ogres
  5 crocodiles
  11 bullfrogs
  A wyvern zombie (D:14)
  A scorpion (D:7)
  A killer bee (D:8)
  3 wights (D:13)
  4 electric eels (D:12)
  A crimson imp (D:15)
  4 orc priests
  An orc wizard (D:11)
  A bullfrog skeleton (D:13)
  9 orcs
  A fungus (Lair:5)
  5 plants
  A withered plant (D:15)
330 creatures vanquished.

Vanquished Creatures (others)
  4 orc knights
  A merfolk (Shoals:4)
  3 humans (Shoals:1)
  6 orc warriors
  A slave (D:7)
  4 orc wizards
  4 orc priests
  An iguana (D:6)
  A shadow imp (D:6)
  A leopard gecko (D:6)
  37 orcs
  A fungus (Lair:3)
  18 plants
  14 starspawn tentacles (Abyss:3)
  18 tentacles (Shoals:1)
114 creatures vanquished.

Grand Total: 858 creatures vanquished

Notes
Turn   | Place    | Note
-------+----------+-------------------------------------------
     0 | D:1      | Htamos the Hill Orc Fighter began the quest for the Orb.
     0 | D:1      | Reached XP level 1. HP: 19/19 MP: 1/1
   268 | D:1      | Reached XP level 2. HP: 27/27 MP: 2/2
   276 | D:1      | Reached skill level 3 in Axes
   887 | D:1      | Reached XP level 3. HP: 33/33 MP: 3/3
  1209 | D:2      | Found a runed door.
  1209 | D:2      | Noticed a human
  1212 | D:2      | Found a basalt altar of Yredelemnul.
  1232 | D:2      | Reached XP level 4. HP: 37/40 MP: 4/4
  1402 | D:2      | Found a stormy altar of Qazlal.
  2118 | D:3      | Noticed Holzbalken's ghost (amateur OpTm)
  2130 | D:3      | Found a transporter.
  2268 | D:3      | Found a transporter.
  2302 | D:3      | Noticed Sigmund
  2311 | D:3      | Killed Sigmund
  2311 | D:3      | Reached skill level 5 in Fighting
  2311 | D:3      | Reached skill level 4 in Axes
  2311 | D:3      | Reached skill level 5 in Armour
  2311 | D:3      | Reached XP level 5. HP: 16/48 MP: 5/5
  2311 | D:3      | Reached XP level 6. HP: 19/56 MP: 6/6
  2622 | D:3      | Found a shattered altar of Ashenzari.
  2623 | D:3      | Noticed Terence
  2632 | D:3      | Killed Terence
  2867 | D:4      | Reached skill level 5 in Axes
  2967 | D:4      | Found Qovvuk's Armour Shoppe.
  2976 | D:4      | Bought a +0 helmet for 63 gold pieces
  3003 | D:4      | Noticed a phantom
  3020 | D:4      | Reached XP level 7. HP: 62/62 MP: 7/7
  3060 | D:4      | Noticed Purgy
  3077 | D:4      | Killed Purgy
  3106 | D:4      | Found a glowing drain.
  3124 | Sewer    | Entered a sewer
  3260 | Sewer    | Reached skill level 6 in Axes
  3602 | D:4      | Got a crude robe
  3604 | D:4      | Identified the +1 robe of Zaughaih {*Contam rPois MR+++ Dex+4} (You found it on level 4 of the Dungeon)
  3681 | D:4      | Noticed Ijyb
  3864 | D:4      | Killed Ijyb
  3864 | D:4      | Reached XP level 8. HP: 71/71 MP: 8/8
  3933 | D:4      | Noticed Menkaure
  3939 | D:4      | Killed Menkaure
  4211 | D:4      | Found a shadowy altar of Dithmenos.
  4259 | D:5      | Entered Level 5 of the Dungeon
  4270 | D:5      | Noticed Prince Ribbit
  4280 | D:5      | Killed Prince Ribbit
  4280 | D:5      | Reached skill level 7 in Axes
  4374 | D:5      | Found a sacrificial altar of Ru.
  4379 | D:5      | Found Ofurphos's Jewellery Boutique.
  4442 | D:5      | Found a basalt altar of Yredelemnul.
  4657 | D:5      | Found Kafereru's Jewellery Emporium.
  4662 | D:5      | Noticed Eustachio
  4674 | D:5      | Killed Eustachio
  5384 | D:3      | Killed Holzbalken's ghost
  5384 | D:3      | Reached XP level 9. HP: 78/80 MP: 9/9
  5582 | D:6      | Noticed Pikel
  5626 | D:6      | Killed Pikel
  5626 | D:6      | Reached skill level 8 in Axes
  5626 | D:6      | Reached skill level 1 in Dodging
  5810 | D:6      | Became a worshipper of Beogh the Brigand
  5825 | D:6      | Found an iron altar of Okawaru.
  6267 | D:6      | Found a staircase to the Ecumenical Temple.
  6896 | D:7      | Reached skill level 10 in Armour
  7142 | D:7      | Found a hazy altar of Hepliaklqana.
  7206 | D:7      | Found Meystru's Armour Emporium.
  7639 | D:8      | Reached skill level 9 in Axes
  7657 | D:7      | Reached XP level 10. HP: 72/90 MP: 10/10
  7748 | D:7      | Reached * piety under Beogh
  7918 | D:8      | Found a staircase to the Lair.
  8007 | D:8      | Gained mutation: Your magical capacity is low. (-10% MP) [mutagenic glow]
  8034 | D:8      | Noticed a two-headed ogre
  8061 | D:8      | Killed a two-headed ogre
  8144 | D:8      | Reached skill level 5 in Dodging
  8510 | D:8      | Found an ornate altar of the Wu Jian Council.
  8762 | D:8      | Found a shattered altar of Ashenzari.
  8823 | D:8      | Noticed a two-headed ogre
  8868 | D:8      | Killed a two-headed ogre
  8868 | D:8      | Reached skill level 10 in Axes
  9121 | D:9      | Reached skill level 10 in Fighting
  9121 | D:9      | Reached XP level 11. HP: 54/99 MP: 9/9
  9134 | D:9      | Reached ** piety under Beogh
  9385 | D:9      | Noticed a two-headed ogre
  9408 | D:9      | Killed a two-headed ogre
  9932 | D:9      | You fall through a shaft!
  9932 | D:10     | Entered Level 10 of the Dungeon
 10018 | D:10     | Reached skill level 11 in Axes
 10519 | D:7      | Bought the +1 ring mail "Fuessa" {rC+ rN+ Str-3 Slay+4} for 452 gold pieces
 11142 | D:9      | Found an ancient bone altar of Kikubaaqudgha.
 11184 | D:9      | Reached *** piety under Beogh
 11686 | D:11     | Noticed a six-headed hydra
 11696 | D:11     | Killed a six-headed hydra
 11782 | D:11     | Found a labyrinth entrance.
 11788 | D:11     | Noticed a cyclops
 11803 | D:11     | Killed a cyclops
 11812 | D:11     | Killed an unseen horror
 11822 | Lab      | Entered a labyrinth
 12066 | Lab      | Lost mutation: Your magical capacity is low. (-10% MP) [potion of mutation]
 12066 | Lab      | Gained mutation: You are resistant to hostile enchantments. (MR+) [potion of mutation]
 12066 | Lab      | Gained mutation: You are clumsy. (Dex -2) [potion of mutation]
 12066 | Lab      | Gained mutation: You are covered in fur. (AC +1) [potion of mutation]
 12066 | Lab      | Noticed a minotaur
 12088 | Lab      | Killed a minotaur
 12088 | Lab      | Reached XP level 12. HP: 55/110 MP: 12/12
 12115 | Lab      | Identified the Tome of Shifting Hexes
 12326 | D:10     | Lost mutation: You are clumsy. (Dex -2) [potion of mutation]
 12326 | D:10     | Lost mutation: You are resistant to hostile enchantments. (MR+) [potion of mutation]
 12326 | D:10     | Lost mutation: You are covered in fur. (AC +1) [potion of mutation]
 12326 | D:10     | Gained mutation: You are clumsy. (Dex -2) [potion of mutation]
 12326 | D:10     | Gained mutation: You are partially covered in large bone plates. (SH +4) [potion of mutation]
 12326 | D:10     | Gained mutation: You are partially covered in yellow scales. (AC +2) [potion of mutation]
 12751 | D:11     | Reached skill level 12 in Axes
 13340 | Lair:1   | Entered Level 1 of the Lair of Beasts
 14621 | Lair:2   | Reached **** piety under Beogh
 15061 | Lair:2   | Found a staircase to the Snake Pit.
 15525 | Lair:3   | Noticed an eight-headed hydra
 15535 | Lair:3   | Killed an eight-headed hydra
 15584 | Lair:3   | Noticed a six-headed hydra
 15592 | Lair:3   | Killed a six-headed hydra
 15656 | Lair:3   | Reached XP level 13. HP: 79/118 MP: 13/13
 15750 | Lair:3   | Reached skill level 13 in Axes
 15750 | Lair:3   | Reached skill level 10 in Dodging
 16604 | Lair:4   | Found a staircase to the Shoals.
 16660 | Lair:4   | Reached ***** piety under Beogh
 16660 | Lair:4   | Gained Zartorak as an ally
 17471 | Lair:5   | Got a scintillating glass ring
 17505 | Lair:5   | Reached skill level 1 in Invocations
 17582 | Lair:5   | Identified the ring of Les Upab {rElec rPois Str-5 Int+4 SInv} (You found it on level 5 of the Lair of Beasts)
 18411 | Lair:6   | Entered Level 6 of the Lair of Beasts
 18787 | Lair:6   | Found a staircase to the Slime Pits.
 18828 | Lair:6   | Found a runed door.
 19582 | Lair:6   | Reached XP level 14. HP: 122/129 MP: 17/17
 19950 | Lair:6   | Reached skill level 14 in Axes
 19950 | Lair:6   | Reached skill level 5 in Invocations
 21299 | D:12     | Found Dasirhod's General Store.
 21415 | D:12     | Found a staircase to the Orcish Mines.
 21482 | D:13     | Found a roughly hewn altar of Beogh.
 22008 | D:13     | Reached ****** piety under Beogh
 22178 | D:13     | Found a runed warning-scrawled door.
 22527 | D:13     | Found a runed door.
 22528 | D:13     | Found a runed door.
 22553 | D:13     | Cast into level 3 of the Abyss (merfolk impaler)
 22553 | Abyss:3  | Found a runed door.
 22574 | Abyss:3  | Found a runed door.
 22623 | Abyss:3  | Found a corrupted altar of Lugonu.
 22778 | Abyss:3  | Found a corrupted altar of Lugonu.
 22779 | Abyss:3  | Noticed a tentacled starspawn
 22797 | Abyss:3  | Noticed a tentacled starspawn
 22844 | Abyss:3  | Noticed a green draconian monk
 22919 | Abyss:3  | Found a corrupted altar of Lugonu.
 23062 | Abyss:3  | Noticed a cacodemon
 23138 | Abyss:3  | Noticed a starcursed mass
 23366 | Abyss:3  | Noticed a white very ugly thing
 23367 | Abyss:3  | Noticed a white very ugly thing
 23367 | Abyss:3  | Noticed a white very ugly thing
 23381 | Abyss:3  | Noticed a starcursed mass
 23437 | D:13     | Escaped the Abyss
 24045 | D:14     | Gained Boderik as an ally
 24917 | D:14     | Found a gate to the Vaults.
 24996 | D:15     | Entered Level 15 of the Dungeon
 25075 | D:15     | Found a staircase to the Depths.
 25230 | D:15     | Reached XP level 15. HP: 137/137 MP: 20/20
 25237 | D:15     | Noticed Nessos
 25250 | D:15     | Killed Nessos
 25528 | D:15     | Reached skill level 15 in Axes
 25749 | D:15     | Your ally Boderik died
 26060 | D:15     | Found a runed door.
 26061 | D:15     | Noticed a tengu reaver
 26679 | D:15     | Killed a tengu reaver
 27005 | Shoals:1 | Entered Level 1 of the Shoals
 27278 | Shoals:1 | Noticed Kirke
 27286 | Shoals:1 | Killed Kirke
 27292 | Shoals:1 | Gained Harm as an ally
 27345 | Shoals:1 | Found a shimmering altar of Xom.
 27350 | Shoals:1 | Noticed a kraken
 28268 | Shoals:2 | Noticed Polyphemus
 28275 | Shoals:2 | Killed Polyphemus
 28956 | Shoals:3 | Found Vehuipn's Weapon Emporium.
 28965 | Shoals:3 | Bought a +0 broad axe for 52 gold pieces
 29023 | Shoals:3 | Found Houtuah's Distillery.
 29038 | Shoals:3 | Found Deruggutz's General Store.
 29046 | Shoals:3 | Bought a potion of lignification for 39 gold pieces
 29130 | Shoals:3 | Found a runed door.
 29209 | Shoals:3 | Found Ytiuziyp's Assorted Antiques.
 29214 | Shoals:3 | Bought a scroll of enchant weapon for 127 gold pieces
 29233 | Shoals:3 | Bought a distressingly furry ring mail for 279 gold pieces
 29233 | Shoals:3 | Bought a scroll of teleportation for 93 gold pieces
 29233 | Shoals:3 | Bought a scroll of identify for 62 gold pieces
 29233 | Shoals:3 | Bought a scroll of teleportation for 93 gold pieces
 29233 | Shoals:3 | Bought a potion of mutation for 248 gold pieces
 29250 | Shoals:3 | Identified the cursed +1 ring mail "Nitea" {Str+2 Dex+2} (You bought it in a shop on level 3 of the Shoals)
 29309 | Shoals:3 | Lost mutation: You are clumsy. (Dex -2) [potion of mutation]
 29309 | Shoals:3 | Gained mutation: Your spells are a little harder to cast, but a little more powerful. [potion of mutation]
 29309 | Shoals:3 | Gained mutation: You are somewhat resistant to further mutation. [potion of mutation]
 29366 | Shoals:4 | Entered Level 4 of the Shoals
 29366 | Shoals:4 | Noticed Aizul
 29372 | Shoals:3 | Killed Aizul
 29521 | Shoals:4 | Reached XP level 16. HP: 146/146 MP: 13/23
 29577 | Shoals:4 | Noticed Bai Suzhen
 29579 | Shoals:4 | HP: 7/220 [sea snake (10)]
 29581 | Shoals:4 | Hit by a javelin thrown by a merfolk javelineer

Vault maps used:
D:1:      lightli_molten_gateway, corexii_leaking_fountain
D:2:      lemuel_crystal_altar, dk_yredelemnul_ordeal
D:3:      old_standard_altar, gammafunk_ghost_stat_death, uniq_terence,
          uniq_sigmund
D:4:      marbit_many_paths, serial_glass, glass_columns_a, glass_columns_a,
          gup_sewer_entry_glass, first_ration, serial_shops, nicolae_shop_trees,
          minmay_ogre_servants, uniq_purgy, uniq_ijyb, uniq_menkaure
D:5:      kennysheep_mini_moat, nicolae_ru_awakened_eye, serial_shops, shop,
          shop_statue, uniq_eustachio, uniq_prince_ribbit1
D:6:      nicolae_overflow_hidden_temple, okawaru_ov_weapons_minmay,
          minmay_temple_entry_statues_pillars, minivault_5, uniq_pikel
D:7:      nicolae_overflow_crystal_walls, serial_shops, shop
D:8:      lemuel_doored_altar, grunt_lair_entry_orc_guard_hut, ashenzari_altar_1
D:9:      david_nohive_1, lemuel_mausoleum_altar_kikubaaqudgha
D:11:     lab_entry_generic
D:12:     erik_orc_2, serial_shops, shop
D:13:     special_room, mikee_hates_you
D:14:     david_vaults_5, serial_co_window_serial, co_window_paths_b,
          co_window_paths_a, co_window_corner_a, co_window_of_opportunity_a,
          co_window_of_opportunity_a, co_window_of_opportunity_c,
          co_window_unsneaky_path_a, co_window_cross_4,
          co_window_unsneaky_path_b, co_window_corner_ca, co_window_4corner_a,
          glass_columns_a, kennysheep_another_room
D:15:     gammafunk_depths_entry_grave, minivault_27, kennysheep_treasure_room,
          uniq_nessos
Lair:2:   guppyfry_snake_entry_garden
Lair:3:   grunt_megastairs_2
Lair:4:   cheibrodos_lair_river_kwai, shoals_dummy_entry
Lair:6:   wormcave, hangedman_lair_caniforms_friends, slime_dummy
Shoals:1: wheals_shoals_ruined_temple, uniq_kirke
Shoals:2: uniq_polyphemus
Shoals:3: serial_shops, shop, nicolae_shop_temple_entry_statues_fountains,
          nicolae_shop_crystal, nicolae_shop_statue_plus, lightli_airlock
Shoals:4: shoals_end_grunt_garden, uniq_roxanne, uniq_mara, uniq_donald,
          uniq_bai_suzhen, uniq_aizul, uniq_louise
Abyss:3:  hangedman_abyss_overflow_altar
Lab:      labyrinth_spiral
Sewer:    sewer_sea

Skill      XL: |  1  2  3  4  5  6  7  8  9 10 11 12 13 14 15 |
---------------+----------------------------------------------+-----
Axes           | 3 4 5 6 7 9 10 11 12 13 14 15 | 15.7
Fighting       | 4 5 6 7 8 10 11 12 13 14 | 14.8
Armour         | 4 5 6 7 9 10 11 12 13 14 | 14.8
Dodging        | 4 6 8 9 11 12 14 | 14.8
Invocations    | 4 7 9 |  9.8
Shields        | |  3.2

Action                   |  1- 3 |  4- 6 |  7- 9 | 10-12 | 13-15 | 16-18 || total
-------------------------+-------+-------+-------+-------+-------+-------++-------
Melee: War axe           |    96 |   111 |     8 |     7 |       |       ||   222
       Trident           |       |    33 |   442 |   848 |  1156 |    23 ||  2502
       Whip              |       |       |    26 |       |       |       ||    26
       Battleaxe         |       |       |       |       |    59 |       ||    59
Invok: Convert to Beogh  |       |       |     1 |       |       |       ||     1
       Smiting           |       |       |       |     3 |    33 |     7 ||    43
       Give Item to Name |       |       |       |       |     1 |       ||     1
       Recall Orcish Fol |       |       |       |       |     8 |     1 ||     9
       Stop Recall       |       |       |       |       |     5 |       ||     5
Evoke: Wand              |       |       |       |    12 |    10 |       ||    22
       Lamp of fire      |       |       |       |       |     1 |       ||     1
  Use: Potion            |       |     1 |       |     6 |    10 |     6 ||    23
       Scroll            |       |       |     3 |    21 |    23 |       ||    47
 Stab: Sleeping          |       |       |     7 |       |     3 |       ||    10
       Distracted        |       |       |       |     3 |    11 |       ||    14
       Petrifying        |       |       |       |       |     1 |       ||     1
       Petrified         |       |       |       |       |     1 |       ||     1
  Eat: Chunk             |     1 |     6 |    12 |    24 |    38 |       ||    81
       Ration            |       |       |     3 |     1 |     3 |       ||     7
Armor: Scale mail        |    55 |     5 |       |       |       |       ||    60
       Chain mail        |       |    67 |    25 |       |       |       ||    92
       Troll leather arm |       |       |    26 |   158 |   255 |       ||   439
       Robe              |       |       |   118 |    15 |       |       ||   133
       Plate armour      |       |       |       |    40 |       |       ||    40
       Ring mail         |       |       |       |    47 |     5 |     2 ||    54
       Skin              |       |       |       |    11 |       |    11 ||    22
Dodge: Dodged            |    27 |    39 |   124 |   380 |   829 |    13 ||  1412
Block: Shield            |    60 |    71 |   213 |   472 |   152 |       ||   968
       Other             |       |       |       |       |   136 |     1 ||   137

Table legend:
 A = Spawn XP
 B = Non-spawn XP
 C = Spawn XP percentage of total XP
 D = Spawn monster count
 E = Non-spawn monster count
 F = Spawn count percentage of total count
 G = Total turns spent on level
                    A         B        C        D         E        F      G
               +---------+---------+-------+---------+---------+-------+---------
         Total |    4305 |  129326 |   3.2 |      12 |     723 |   1.6 | 29581
               +---------+---------+-------+---------+---------+-------+---------
           D:1 |       0 |      35 |   0.0 |       0 |      19 |   0.0 |  1067
           D:2 |       0 |      91 |   0.0 |       0 |      21 |   0.0 |   981
           D:3 |       0 |     483 |   0.0 |       0 |      18 |   0.0 |  1065
           D:4 |       0 |     973 |   0.0 |       0 |      31 |   0.0 |   913
           D:5 |       0 |     773 |   0.0 |       0 |      12 |   0.0 |  1058
           D:6 |       0 |    1345 |   0.0 |       0 |      17 |   0.0 |  1203
           D:7 |       0 |    1291 |   0.0 |       0 |      22 |   0.0 |  1251
           D:8 |       0 |    3032 |   0.0 |       0 |      21 |   0.0 |  1561
           D:9 |       0 |    6063 |   0.0 |       0 |      52 |   0.0 |  1574
          D:10 |       0 |    1307 |   0.0 |       0 |      14 |   0.0 |  1129
          D:11 |       0 |    5826 |   0.0 |       0 |      28 |   0.0 |  1188
          D:12 |       0 |    2240 |   0.0 |       0 |      21 |   0.0 |  1016
          D:13 |       0 |    5375 |   0.0 |       0 |      36 |   0.0 |  1137
          D:14 |       0 |    7467 |   0.0 |       0 |      27 |   0.0 |  1325
          D:15 |       0 |   22529 |   0.0 |       0 |      65 |   0.0 |  1763
        Lair:1 |       0 |    4364 |   0.0 |       0 |      30 |   0.0 |  1254
        Lair:2 |       0 |    2734 |   0.0 |       0 |      16 |   0.0 |  1036
        Lair:3 |       0 |    5819 |   0.0 |       0 |      18 |   0.0 |   751
        Lair:4 |       0 |    3753 |   0.0 |       0 |      18 |   0.0 |  1371
        Lair:5 |       0 |    4974 |   0.0 |       0 |      16 |   0.0 |  1025
        Lair:6 |       0 |   16639 |   0.0 |       0 |      99 |   0.0 |  1824
      Shoals:1 |       0 |    5188 |   0.0 |       0 |      16 |   0.0 |   789
      Shoals:2 |       0 |   13067 |   0.0 |       0 |      32 |   0.0 |  1011
      Shoals:3 |       0 |    6288 |   0.0 |       0 |      17 |   0.0 |   561
      Shoals:4 |       0 |    5947 |   0.0 |       0 |      14 |   0.0 |    70
       Abyss:3 |    4305 |     335 |  92.8 |      12 |       3 |  80.0 |   884
           Lab |       0 |    1246 |   0.0 |       0 |       1 |   0.0 |   324
         Sewer |       0 |     142 |   0.0 |       0 |      39 |   0.0 |   450
               +---------+---------+-------+---------+---------+-------+---------
